 Dungeon Crawl Stone Soup version 0.30.1-4-g462c640d31 (webtiles) character file.

Game seed: 11250218717298335284

50 Sondor the Slasher (level 3, -14/19 (29) HPs)
             Began as a Demigod Reaver on Aug 12, 2023.
             Demolished by an ogre
             ... wielding a +0 giant spiked club
              (22 damage)
             ... on level 2 of the Dungeon.
             The game lasted 00:01:42 (1504 turns).

Sondor the Slasher (Demigod Reaver)                 Turns: 1504, Time: 00:01:42

HP:   -14/19 (29)   AC:  3    Str: 17    XL:     3   Next: 35%
MP:   6/8           EV: 12    Int: 15    God:
Gold: 110           SH:  0    Dex: 12    Spells: 4/5 levels left

rFire   . . .        a - +0 falchion
rCold   . . .        (no shield)
rNeg    . . .        b - +0 leather armour
rPois   .            (no helmet)
rElec   .            (no cloak)
rCorr   .            (no gloves)
SInv    .            (no boots)
Will    .....        (no amulet)
Stlth   +            (no ring)
HPRegen 0.23/turn    (no ring)
MPRegen 0.11/turn

%: no passive effects
@: very heavily drained
A: high MP 1, forlorn, divine attributes
a: no special abilities


You were on level 2 of the Dungeon.
You visited 1 branch of the dungeon, and saw 2 of its levels.

You collected 110 gold pieces.

Inventory:

Hand Weapons
 a - a +0 falchion (weapon)
Armour
 b - a +0 leather armour (worn)
Scrolls
 c - 5 scrolls of identify {unknown}
 g - a scroll of butterflies {unknown}
 h - a scroll of poison {unknown}
 k - a scroll of fog {unknown}
 l - a scroll of brand weapon {unknown}
 o - a scroll of magic mapping {unknown}
Potions
 d - a potion of resistance {unknown}
 e - a potion of mutation {unknown}
 f - a potion of brilliance {unknown}
 i - 2 potions of heal wounds {unknown}
 j - a potion of flight {unknown}
 m - a potion of degeneration {unknown}
 n - a potion of curing {unknown}
 p - a potion of cancellation {unknown}


   Skills:
 + Level 2.1 Fighting
 + Level 3.4 Long Blades
 + Level 0.7 Armour
 + Level 2.0 Dodging
 + Level 1.8 Spellcasting
 + Level 2.9 Conjurations


You had 4 spell levels left.
You knew the following spells:

 Your Spells              Type           Power      Damage    Failure   Level
a - Kiss of Death         Conj/Necr      20%        2d7       14%         1

Your spell library contained the following spells:

 Spells                   Type           Power      Damage    Failure   Level
 Momentum Strike          Conj/Tloc      10%        3d8       22%         2
 Hailstorm                Conj/Ice       5%         3d4       41%         3


Dungeon Overview and Level Annotations

Branches:
Dungeon (2/15)


Innate Abilities, Weirdness & Mutations

You have an increased reservoir of magic. (+10% MP)
You shall have no god before yourself.
Your divine heritage dramatically boosts your attributes as you level up.


Message History

There is a stone staircase leading down here.
An ogre is nearby!
Casting: Kiss of Death (safe; 14% risk of failure)
Confirm with . or Enter, or press ? or * to list all spells.
You can't see any susceptible monsters within range! (Use Z to cast anyway.)
Casting: Kiss of Death (safe; 14% risk of failure)
Confirm with . or Enter, or press ? or * to list all spells.
You can't see any susceptible monsters within range! (Use Z to cast anyway.)
Casting: Kiss of Death (safe; 14% risk of failure)
Confirm with . or Enter, or press ? or * to list all spells.
You can't see any susceptible monsters within range! (Use Z to cast anyway.)
Casting: Kiss of Death (safe; 14% risk of failure)
Confirm with . or Enter, or press ? or * to list all spells.
You can't see any susceptible monsters within range! (Use Z to cast anyway.)
Casting: Kiss of Death (safe; 14% risk of failure)
Confirm with . or Enter, or press ? or * to list all spells.
Aiming: Kiss of Death (safe; 14% risk of failure)
Press: ? - help, Shift-Dir - straight line, f - ogre
Aim: an ogre, wielding a +0 giant spiked club (100% to hit)
The negative energy hits the ogre!
The ogre is drained!
The ogre is moderately wounded.
You feel drained. The ogre barely misses you.
You slash the ogre!
The ogre is heavily wounded.
The ogre hits you with a +0 giant spiked club!
Ouch! That really hurt!
* * * LOW HITPOINT WARNING * * *
You completely miss the ogre.
The ogre is heavily wounded.
Casting: Kiss of Death (safe; 14% risk of failure)
Confirm with . or Enter, or press ? or * to list all spells.
Aiming: Kiss of Death (safe; 14% risk of failure)
Press: ? - help, Shift-Dir - straight line, f/p - ogre
Aim: an ogre, wielding a +0 giant spiked club (heavily wounded, lightly drained, 100% to hit)
The negative energy hits the ogre!
The ogre is drained!
The ogre is almost dead.
You feel drained.
The ogre hits you with a +0 giant spiked club!!
Ouch! That really hurt!
You die...

#.#####.###.##..#.#
#.........#.##..#.#
#......####.##....#
#...##........##.####
###.##........##.#
#.##........##.#
#.##........##.#
#.##........##.#
#.##.........O@#
#........>..#
..######.##.# .#.
#.##.# #.##.# #.##.#
#.##.# #.##.# #....#


You could see an ogre (very drained).

Vanquished Creatures
  An adder (D:2)
  2 dart slugs
  3 ball pythons
  4 endoplasms
  2 giant cockroaches
  7 hobgoblins
  2 kobolds
  A quokka (D:1)
  3 bats
  3 frilled lizards
  5 goblins (D:1)
  2 rats
35 creatures vanquished.

Notes
Turn   | Place    | Note
-------+----------+-------------------------------------------
     0 | D:1      | Sondor the Demigod Reaver began the quest for the Orb.
     0 | D:1      | Reached XP level 1. HP: 17/17 MP: 5/5
   149 | D:1      | Reached XP level 2. HP: 24/24 MP: 7/7
   164 | D:1      | Reached skill level 3 in Long Blades
   953 | D:2      | Reached XP level 3. HP: 16/29 MP: 8/8
  1492 | D:2      | Noticed an ogre
  1504 | D:2      | Demolished by an ogre

Illustrated notes

Levels and vault maps discovered:
D:1:      sevenhm_arrival_forest_fort_large_4, layout_rooms
D:2:      layout_basic, hellmonk_ecumenical_altar_heavens_door

Skill      XL: |  1  2  3 |
---------------+----------+-----
Fighting       | 2 |  2.1
Long Blades    | 3 |  3.4
Dodging        | 2 |  2.0
Armour         | |  0.7
Spellcasting   | |  1.8
Conjurations   | |  2.9

Action                     || total
---------------------------++-------
  Melee: Falchion          ||   119
         Punch             ||     1
   Cast: Kiss of Death     ||     2
 Armour: Leather armour    ||    30
  Dodge: Dodged            ||    72
